 Dungeon Crawl Stone Soup version 0.29-a0-506-ga2e7fffb44 (webtiles) character file.

Game seed: 4834800175314542912

4527 pokeman the Thaumaturge (level 10, -1/53 HPs)
             Began as a Deep Elf Hedge Wizard on May 28, 2022.
             Was a Follower of Vehumet.
             Slain by a yak (12 damage)
             ... on level 9 of the Dungeon on May 29, 2022.
             The game lasted 00:23:37 (12247 turns).

pokeman the Thaumaturge (Deep Elf Hedge Wizard)    Turns: 12247, Time: 00:23:38

Health: -1/53      AC: 10    Str: 13    XL:     10   Next: 17%
Magic:  18/28      EV: 12    Int: 24    God:    Vehumet [*.....]
Gold:   428        SH:  0    Dex: 14    Spells: 23/34 levels left

rFire   + . .      SeeInvis .   y - +4 mace of Oguemefe {freeze, rPois rF+ rN++}
rCold   . . .      Faith    .   (no shield)
rNeg    + + .      Spirit   .   I - +0 acid dragon scales
rPois   +          Reflect  .   n - +0 helmet
rElec   .          Harm     .   x - +0 cloak
rCorr   +          Rampage  .   p - +0 pair of gloves
Will    +....                   (no boots)
Stlth   ++........              (no amulet)
HPRegen 0.17/turn               o - +6 ring of strength
MPRegen 0.21/turn               (no ring)

@: very slightly contaminated
A: no striking features
a: Renounce Religion


You were on level 9 of the Dungeon.
You worshipped Vehumet.
Vehumet was aware of your devotion.
You visited 1 branch of the dungeon, and saw 9 of its levels.
You also visited: Sewer.

You collected 428 gold pieces.

Inventory:

Hand Weapons
 k - a +0 falchion of electrocution
 w - a +4 quarterstaff of chaos
 y - the +4 mace of Oguemefe (weapon) {freeze, rPois rF+ rN++}
   (You found it on level 5 of the Dungeon)

   It freezes those it strikes, dealing additional cold damage.
   It can also slow down cold-blooded creatures.
   rF:        It protects you from fire.
   rPois:     It protects you from poison.
   rN:        It greatly protects you from negative energy.
Missiles
 r - 2 throwing nets
Armour
 n - a +0 helmet (worn)
 p - a +0 pair of gloves (worn)
 x - a +0 cloak (worn)
 z - a +1 ring mail of fire resistance
 A - a +0 kite shield of protection
 I - +0 acid dragon scales (worn)
Jewellery
 b - a ring of ice
 o - a +6 ring of strength (left hand)
 L - a ring of fire
Wands
 u - a wand of paralysis (15)
 E - a wand of iceblast (9)
 G - a wand of flame (7)
 H - a wand of mindburst (18)
 K - a wand of polymorph (11)
Scrolls
 a - 12 scrolls of identify {unknown}
 j - 3 scrolls of enchant weapon {unknown}
 l - 4 scrolls of teleportation {unknown}
 m - 2 scrolls of enchant armour {unknown}
 q - 2 scrolls of fear {unknown}
 s - 2 scrolls of fog {unknown}
 t - a scroll of noise {unknown}
 v - a scroll of magic mapping {unknown}
 D - a scroll of vulnerability {unknown}
 J - a scroll of torment {unknown}
Potions
 c - 2 potions of haste {unknown}
 d - a potion of magic
 e - 4 potions of mutation {unknown}
 f - a potion of resistance {unknown}
 g - 2 potions of brilliance
 h - 6 potions of lignification {unknown}
 i - 2 potions of curing {unknown}
 B - a potion of berserk rage {unknown}
 C - a potion of attraction {unknown}
 F - a potion of invisibility {unknown}


   Skills:
 - Level 2.0 Fighting
 + Level 2.9 Armour
 - Level 3.2 Dodging
 - Level 3.0 Stealth
 - Level 3.3 Shields
 * Level 12.8 Spellcasting
 + Level 7.3 Conjurations
 - Level 1.1 Summonings
 - Level 1.2 Necromancy
 - Level 1.1 Translocations
 + Level 6.5 Fire Magic
 - Level 1.0 Air Magic
 - Level 1.2 Poison Magic
 - Level 1.0 Evocations


You had 23 spell levels left.
You knew the following spells:

 Your Spells              Type           Power      Damage    Failure   Level
a - Magic Dart            Conj           100%       1d8       1%          1
b - Mephitic Cloud        Conj/Pois/Air  30%        N/A       4%          3
c - Call Imp              Summ           20%        N/A       5%          2
d - Blink                 Tloc           40%        N/A       5%          2
e - Conjure Flame         Conj/Fire      48%        6-21      1%          3

Your spell library contained the following spells:

 Spells                   Type           Power      Damage    Failure   Level
 Shock                    Conj/Air       100%       1d9       1%          1
 Sting                    Tmut/Pois      72%        1d6       4%          1
 Poisonous Vapours        Pois/Air       40%        N/A       5%          2
 Freeze                   Ice            60%        1d8       6%          1
 Slow                     Hex            60%        N/A       6%          1
 Ensorcelled Hibernation  Hex/Ice        30%        N/A       9%          2
 Spider Form              Tmut/Pois      18%        N/A       13%         3
 Hailstorm                Conj/Ice       33%        3d8       13%         4
 Frozen Ramparts          Ice            30%        1d5       17%         3
 Ozocubu's Armour         Ice            15%        N/A       17%         3
 Olgreb's Toxic Radiance  Pois           21%        N/A       34%         4
 Anguish                  Hex/Necr       9%         N/A       41%         4
 Ice Form                 Ice/Tmut       15%        N/A       50%         4
 Simulacrum               Ice/Necr       9%         N/A       100%        6
 Ozocubu's Refrigeration  Ice            7%         4d6       100%        7


Dungeon Overview and Level Annotations

Branches:
Dungeon (9/15)             Temple (0/1) D:7           Sewer (visited)
   Lair: D:8-11         Orc: D:9-12

Altars:
Cheibriados
Dithmenos
Elyvilon
Fedhas
Gozag
Kikubaaqudgha
Ru
Sif Muna
Trog
Vehumet
Wu Jian
Zin

Shops:
D:6 *

Annotations:
D:5 2 transporters, Skryme's ghost, novice OpFi
D:8 1 runed translucent door, bladeefan's ghost, novice TrBe


Message History

You are very lightly contaminated with residual magic.
Nothing appears to happen.
The killer bee is engulfed in noxious fumes.
The killer bee appears confused.
The killer bee stings the yak.
The bullfrog hits the yak.
The bullfrog hits itself.
The yak gores you.
* * * LOW HITPOINT WARNING * * *
The killer bee closely misses the killer bee.
Something stings the yak!
The yak is poisoned.
Something poisons the yak!
The killer bee is engulfed in noxious fumes.
The killer bee appears confused.
Casting: Mephitic Cloud (dangerous; 4% risk of failure)
Confirm with . or Enter, or press ? or * to list all spells.
Aiming: Mephitic Cloud (dangerous; 4% risk of failure)
Press: ? - help, Shift-Dir - straight line, f/p - killer bee
Aim: a killer bee (confused, chance to affect: 86%)
The ball explodes into a vile cloud!
The stinking cloud engulfs the yak but does no damage.
The yak is moderately wounded.
The stinking cloud engulfs you but does no damage.
You hear a shout!
The killer bee closely misses the killer bee.
Something stings the yak but does no damage.
The killer bee stings the killer bee.
The bullfrog misses the killer bee.
The yak gores the bullfrog.
The yak is engulfed in noxious fumes.
The yak appears confused.
The yak barely misses you.
The killer bee stings the yak.
Unknown command.
Unknown command.
You hit the yak but do no damage.
The yak is moderately wounded.
The bullfrog seems less confused.
Something stings the yak.
The yak looks as sick as possible!
Something poisons the yak!
The killer bee closely misses the killer bee.
The killer bee stings the yak.
The killer bee is engulfed in noxious fumes.
The killer bee appears confused.
The killer bee closely misses the killer bee.
Something stings the centaur.
The yak is engulfed in noxious fumes.
The yak gores you!
You die...

#.......# ##......# #......#
#......# #......#
#......########
#.......>.....#
####.............#
.....########'##@##
.....#.........#Y○#
###..#.........#yy##### #
#..#.........#......# ..#
#..#.........#...Y>.#####y..#
##.###########..yYcy....y....
#...≈≈≈≈≈≈≈≈≈...............
#.<.≈#######≈..y............
.......≈# #≈...............


You could see 3 yaks, a centaur (confused, poisoned) and 4 killer bees.

Vanquished Creatures
  Pikel (D:8)
  Maurice (D:8)
  Maggie (D:8)
  Sigmund (D:5)
  3 water moccasins
  3 ice beasts
  4 sky beasts
  2 ogres (D:6)
  2 centaurs (D:7)
  A lemure (D:8)
  6 kobold brigands (Sewer)
  3 bullfrogs
  4 gnoll sergeants
  A necrophage (D:6)
  4 scorpions
  An orc priest (D:7)
  Crazy Yiuf (D:5)
  2 hounds
  3 jellies
  4 iguanas
  7 orc wizards
  13 gnolls
  7 adders
  5 river rats
  A shadow imp (D:7)
  2 white imps (D:7)
  8 worms
  4 dart slugs
  23 orcs
  15 ball pythons
  8 endoplasms
  8 giant cockroaches
  4 goblins
  7 hobgoblins
  11 jackals
  11 kobolds
  5 quokkas
  9 bats
  2 frilled lizards (D:1)
  11 rats
209 creatures vanquished.

Vanquished Creatures (collateral kills)
  An orc (D:1)
1 creature vanquished.

Vanquished Creatures (others)
  4 demonic plants (D:3)
  6 fungi (D:3)
  17 plants
  A withered plant (D:3)
28 creatures vanquished.

Grand Total: 238 creatures vanquished

Notes
Turn   | Place    | Note
-------+----------+-------------------------------------------
     0 | D:1      | pokeman the Deep Elf Hedge Wizard began the quest for the
                  | Orb.
     0 | D:1      | Reached XP level 1. HP: 10/10 MP: 7/7
   303 | D:1      | Reached XP level 2. HP: 15/15 MP: 7/9
   837 | D:1      | Reached skill level 5 in Spellcasting
   926 | D:1      | Reached XP level 3. HP: 20/20 MP: 3/11
   930 | D:1      | Learned a level 3 spell: Mephitic Cloud
   933 | D:1      | Learned a level 2 spell: Call Imp
   936 | D:1      | Learned a level 2 spell: Blink
   940 | D:1      | Learned a level 3 spell: Conjure Flame
  1738 | D:2      | Reached skill level 1 in Fighting
  2189 | D:2      | Reached skill level 1 in Armour
  2688 | D:2      | Reached XP level 4. HP: 25/25 MP: 4/13
  3194 | D:3      | Found a glowing drain.
  3283 | Sewer    | Entered a sewer
  3372 | Sewer    | Noticed a kobold brigand
  3383 | Sewer    | Killed a kobold brigand
  3384 | Sewer    | Reached skill level 6 in Spellcasting
  3384 | Sewer    | Reached skill level 1 in Fire Magic
  3384 | Sewer    | Reached XP level 5. HP: 28/29 MP: 9/15
  3652 | Sewer    | Reached XP level 6. HP: 22/34 MP: 10/17
  3970 | Sewer    | Reached skill level 1 in Air Magic
  4023 | Sewer    | Reached skill level 7 in Spellcasting
  4257 | Sewer    | Reached skill level 1 in Poison Magic
  4511 | Sewer    | Reached XP level 7. HP: 20/39 MP: 10/20
  5164 | D:3      | Found a faded altar of an unknown god.
  5492 | D:4      | Found a snail-covered altar of Cheibriados.
  5824 | D:4      | Found an ancient bone altar of Kikubaaqudgha.
  5827 | D:4      | Found a blossoming altar of Fedhas.
  5857 | D:4      | Reached skill level 8 in Spellcasting
  5996 | D:4      | Found an opulent altar of Gozag.
  5999 | D:4      | Found a shimmering blue altar of Sif Muna.
  6003 | D:4      | Found an ornate altar of the Wu Jian Council.
  6356 | D:5      | Entered Level 5 of the Dungeon
  6687 | D:5      | Noticed Sigmund
  6702 | D:5      | Killed Sigmund
  7054 | D:5      | Found a transporter.
  7060 | D:5      | Found a transporter.
  7060 | D:5      | Identified the +4 spear "Eggymaha" {chaos, rPois rF- rCorr
                  | Dex+3}
  7060 | D:5      | Identified the +0 buckler "Wyzesu" {*Slow rC+ Int+3 SInv}
  7074 | D:5      | Noticed Skryme's ghost (novice OpFi)
  7212 | D:5      | Found a bloodstained altar of Trog.
  7216 | D:5      | Reached XP level 8. HP: 44/44 MP: 18/22
  7314 | D:5      | Found a runed translucent door.
  7315 | D:5      | Noticed Crazy Yiuf
  7326 | D:5      | Killed Crazy Yiuf
  7330 | D:5      | Identified the +4 mace of Oguemefe {freeze, rPois rF+ rN++}
  7591 | D:6      | Reached skill level 9 in Spellcasting
  7613 | D:6      | Reached skill level 1 in Evocations
  8071 | D:6      | Found Zin's Purification Station.
  8076 | D:6      | Found a glowing silver altar of Zin.
  8099 | D:6      | Reached skill level 5 in Conjurations
  8183 | D:6      | Reached skill level 1 in Shields
  8334 | D:6      | Reached skill level 10 in Spellcasting
  8785 | D:6      | Found a radiant altar of Vehumet.
  8785 | D:6      | Found a sacrificial altar of Ru.
  8785 | D:6      | Found a shadowy altar of Dithmenos.
  8791 | D:6      | Became a worshipper of Vehumet
  8816 | D:6      | Reached skill level 1 in Necromancy
  9004 | D:6      | Reached XP level 9. HP: 48/48 MP: 20/25
  9751 | D:7      | Reached skill level 11 in Spellcasting
  9751 | D:7      | Reached skill level 5 in Fire Magic
 10200 | D:7      | Found a staircase to the Ecumenical Temple.
 10935 | D:8      | Noticed Maggie
 10973 | D:8      | Killed Maggie
 10974 | D:8      | Reached skill level 12 in Spellcasting
 11323 | D:8      | Reached * piety under Vehumet
 11323 | D:8      | Offered knowledge of Shock by Vehumet.
 11397 | D:8      | Noticed Pikel
 11407 | D:8      | Killed Pikel
 11408 | D:8      | Reached XP level 10. HP: 32/53 MP: 19/28
 11553 | D:8      | Identified the +0 robe of Gescha Onou {Regen+}
 11650 | D:8      | Noticed Maurice
 11706 | D:8      | Killed Maurice
 11752 | D:8      | Noticed bladeefan's ghost (novice TrBe)
 11802 | D:8      | Found a white marble altar of Elyvilon.
 12089 | D:8      | Found a runed translucent door.
 12247 | D:9      | Slain by a yak

Illustrated notes

Levels and vault maps discovered:
D:1:      amcnicky_arrival_gap_in_the_tavern_cellar, layout_basic,
          minmay_tromino_v4_c
D:2:      layout_basic
D:3:      minmay_recursive_quarters, layout_basic,
          cheibrodos_sewer_entry_sluice, shapermc_ecumenical_altar_gd,
          minmay_unequal
D:4:      layout_gridville, grunt_temple_overflow_growth_and_decay,
          grunt_temple_overflow_diamond, nicolae_overflow_hidden_temple,
          minmay_misc_feat_tower, minmay_misc_feat_nine_boxes
D:5:      layout_loops_ring, mainiacjoe_overflow_alcove_1,
          gammafunk_ghost_gnarly_gnolls, uniq_sigmund, uniq_crazy_yiuf_cottage
D:6:      layout_basic, zin_purify, gammafunk_temple_overflow_forgotten
D:7:      layout_loops_corners, minmay_temple_entry_ruins,
          kennysheep_generic_room_16
D:8:      layout_loops_ring, mainiacjoe_overflow_tiny_flanked,
          hellmonk_ghost_happy_afterlife, uniq_maggie, uniq_pikel, uniq_maurice
D:9:      layout_irregular_city, okawaru_altar_gauntlet_db, orc_0_dummy,
          minmay_orc_keep, uniq_erica

Skill      XL: |  1  2  3  4  5  6  7  8  9 |
---------------+----------------------------+-----
Spellcasting   | 5 6 7 8 10 12 | 12.8
Fighting       | 1 2 |  2.0
Armour         | 1 2 |  2.9
Conjurations   | 2 3 4 5 7 |  7.3
Dodging        | 3 |  3.2
Fire Magic     | 1 2 3 4 6 |  6.5
Stealth        | 3 |  3.0
Air Magic      | 1 |  1.0
Poison Magic   | 1 |  1.2
Evocations     | 1 |  1.0
Shields        | 2 3 |  3.3
Necromancy     | 1 |  1.2
Summonings     | |  1.1
Translocations | |  1.1

Action                   |  1- 3 |  4- 6 |  7- 9 | 10-12 || total
-------------------------+-------+-------+-------+-------++-------
Melee: Dagger            |    16 |       |       |       ||    16
       Punch             |     1 |       |     1 |     1 ||     3
       Falchion          |       |    55 |     5 |       ||    60
       Mace              |       |       |    57 |    11 ||    68
 Cast: Magic Dart        |   133 |    98 |   251 |       ||   482
       Call Imp          |     2 |       |     4 |       ||     6
       Mephitic Cloud    |     1 |     8 |    29 |     8 ||    46
       Conjure Flame     |     1 |       |    24 |     4 ||    29
       Blink             |       |     1 |     1 |       ||     2
 Stab: Confused          |       |     4 |     9 |     1 ||    14
Armor: Leather armour    |    12 |    12 |    23 |       ||    47
       Acid dragon scale |       |       |     2 |     2 ||     4
Dodge: Dodged            |    40 |    33 |    54 |     6 ||   133

Table legend: (Time is in decaauts)
 A = Elapsed time spent in this place.
 B = Non-inter-level travel time spent in this place.
 C = Inter-level travel time spent in this place.
 D = Time resting spent in this place.
 E = Time spent auto-exploring this place.
 F = Levels seen in this place.
 G = Mean time per level.
                   A        B        C        D        E       F      G
               +--------+--------+--------+--------+--------+-----+--------+
         Total |  12454 |  12060 |    394 |    598 |   9741 |  10 | 1245.4 |
       Dungeon |  10871 |  10477 |    394 |    598 |   8400 |   9 | 1207.9 |
         Sewer |   1583 |   1583 |      0 |      0 |   1341 |   1 | 1583.0 |
               +--------+--------+--------+--------+--------+-----+--------+

Top non-repeatable levels by time:
     D:1: 2110 daAuts
     D:6: 1868 daAuts
   Sewer: 1583 daAuts
     D:7: 1494 daAuts
     D:8: 1287 daAuts
     D:5: 1205 daAuts
     D:2: 1001 daAuts
     D:3: 975 daAuts
     D:4: 864 daAuts
     D:9: 63 daAuts
